 Dungeon Crawl Stone Soup version 0.28.0-1-gb440e238dd (webtiles) character file.

Game seed: 3938584471499933182

1329 fknight the Chopper (level 8, -2/71 HPs)
             Began as a Hill Orc Monk on Feb 27, 2022.
             Was a Believer of Beogh.
             Slain by an orc warrior (5 damage)
             ... on level 7 of the Dungeon.
             The game lasted 00:33:25 (9398 turns).

fknight the Chopper (Hill Orc Monk)                 Turns: 9398, Time: 00:33:26

Health: -2/71      AC: 15    Str: 16    XL:     8   Next: 60%
Magic:  0/10       EV:  6    Int: 10    God:    Beogh [**....]
Gold:   234        SH:  8    Dex: 13    Spells: 7/7 levels left

rFire   . . .      SeeInvis .   r - +0 war axe
rCold   . . .      Faith    .   B - +0 kite shield
rNeg    . . .      Spirit   +   w - +0 chain mail
rPois   .          Reflect  .   G - +2 helmet
rElec   .          Harm     .   (no cloak)
rCorr   .          Rampage  .   (no gloves)
Will    +....                   (no boots)
Stlth   ..........              e - amulet of guardian spirit
HPRegen 0.21/turn               t - +4 ring of protection
MPRegen 0.12/turn               F - ring of willpower

@: no status effects
A: no striking features
a: Renounce Religion, Smiting


You were on level 7 of the Dungeon.
You worshipped Beogh.
Beogh was pleased with you.
You visited 1 branch of the dungeon, and saw 7 of its levels.

You collected 234 gold pieces.

Inventory:

Hand Weapons
 a - a +0 hand axe
 h - a +0 shortbow
 n - a +2 dagger of venom
 r - a +0 war axe (weapon)
 D - a +1 whip of draining
 H - a +4 dagger
Missiles
 d - 81 sling bullets
 i - 95 stones (quivered)
 l - 57 arrows
 q - 7 javelins
 C - 2 poisoned darts
Armour
 b - a +1 robe
 g - a +2 helmet
 u - +0 steam dragon scales
 w - a +0 chain mail (worn)
 B - a +0 kite shield (worn)
 G - a +2 helmet (worn)
Magical Staves
 c - a staff of cold
Jewellery
 e - an amulet of guardian spirit (around neck)
 j - a ring of ice
 p - a ring of poison resistance
 t - a +4 ring of protection (left hand)
 y - a ring of positive energy
 E - a +6 ring of dexterity
 F - a ring of willpower (right hand)
Wands
 A - a wand of iceblast (4)
Scrolls
 k - a scroll of teleportation
 s - a scroll of amnesia
 v - 2 scrolls of enchant armour
 z - a scroll of magic mapping
Potions
 f - 2 potions of resistance
 m - 3 potions of mutation
 o - a potion of degeneration {unknown}


   Skills:
 + Level 6.7 Fighting
 + Level 7.4 Axes
 + Level 4.6 Dodging
 + Level 4.4 Stealth
 + Level 2.6 Shields
 + Level 3.4 Invocations


You had 7 spell levels left.
You didn't know any spells.
Your spell library contained the following spells:

 Spells                   Type           Power      Damage    Failure   Level
 Animate Skeleton         Necr           0%         N/A       100%        1
 Pain                     Necr           0%         1d4       100%        1
 Static Discharge         Conj/Air       0%         N/A       100%        2
 Vampiric Draining        Necr           0%         2d6       100%        3
 Dispel Undead            Necr           0%         3d6       100%        4
 Sticky Flame             Conj/Fire      0%         2d3       100%        4


Dungeon Overview and Level Annotations

Branches:
Dungeon (7/15)
 Temple: D:4-7

Altars:
Ashenzari
Cheibriados
Dithmenos
Hepliaklqana
Kikubaaqudgha
Makhleb
Okawaru
Uskayaw
Vehumet
Xom
Yredelemnul
Zin

Shops:
D:2 ?(=(

Portals:
Abyss: D:5

Annotations:
D:4 2 runed translucent doors, Sanktem7's ghost, amateur SpEn
D:5 1 transporter, cbfl8's ghost, weakling HODe


Message History

The killer bee barely misses you. You block the orc warrior's attack.
You closely miss the killer bee.
The killer bee is lightly wounded.
You hit the orc warrior.
You feel sick. You block the killer bee's attack.
A killer bee comes into view.
You block the killer bee's attack.
The orc warrior hits you with a +0 long sword.
The killer bee stings you.
* * * LOW HITPOINT WARNING * * *
You closely miss the killer bee.
The killer bee is lightly wounded.
You hit the orc warrior but do no damage.
You feel sick. You block the killer bee's attack.
The orc warrior hits you with a +0 long sword!
* * * LOW HITPOINT WARNING * * *
The killer bee stings you but does no damage.
Aiming: Iceblast
Press: ? - help, Q - select action, (/) - cycle Shift-Dir - straight line
Okay, then.
Okay, then.
Okay, then.
You miss the killer bee.
The killer bee is lightly wounded.
You hit the orc warrior but do no damage.
You feel sick. You block the killer bee's attack. The killer bee stings you.
* * * LOW HITPOINT WARNING * * *
The orc warrior barely misses you.
The killer bee stings you but does no damage.
The orc warrior hits you but does no damage.
You miss the killer bee.
The killer bee is lightly wounded.
You hit the orc warrior but do no damage.
You feel sick.
You are no longer poisoned.
The killer bee stings you.
* * * LOW HITPOINT WARNING * * *
The killer bee stings you but does no damage.
The orc warrior hits you with a +0 long sword.
You die...
Beogh appreciates the orc warrior's killing of a heretic priest.

#. #.# # .. #.#
.# #. #.#
#####.# #o##.#
#.....# #..#.#
#.....#
###.#.####o....#
#....yoyy@.....#
#.##..####....##
#.....<........#
##############.#
.# #


You could see an orc warrior, 3 killer bees and an orc.

Vanquished Creatures
  A steam dragon (D:7)
  An ice beast (D:5)
  An ogre (D:4)
  2 centaurs
  A kobold brigand (D:6)
  2 scorpions
  3 howler monkeys
  2 centaur zombies
  2 hounds
  A bullfrog skeleton (D:5)
  2 iguanas
  12 orc wizards
  3 hound zombies
  4 adders
  A white imp (D:6)
  An adder skeleton (D:4)
  A dart slug (D:4)
  16 orcs
  2 ball pythons
  2 bats
  12 endoplasms
  3 giant cockroaches
  2 goblins
  7 hobgoblins
  3 jackals (D:4)
  15 kobolds
  3 quokkas
  2 frilled lizards (D:3)
  A rat (D:2)
  A spectral orc (D:6)
109 creatures vanquished.

Vanquished Creatures (others)
  An orc (D:5)
1 creature vanquished.

Grand Total: 110 creatures vanquished

Notes
Turn   | Place    | Note
-------+----------+-------------------------------------------
     0 | D:1      | fknight the Hill Orc Monk began the quest for the Orb.
     0 | D:1      | Reached XP level 1. HP: 19/19 MP: 1/1
    70 | D:1      | Found a faded altar of an unknown god.
   497 | D:1      | Reached XP level 2. HP: 25/27 MP: 2/2
   796 | D:2      | Found Usunk's Antique Weapon Shop.
   800 | D:2      | Found Goviank's Jewellery Shoppe.
   879 | D:2      | Found Dopied's Antique Weapon Boutique.
  1172 | D:2      | Reached XP level 3. HP: 14/33 MP: 3/3
  1813 | D:2      | Found a shadowy altar of Dithmenos.
  1880 | D:2      | Found Ilits's Magic Scroll Shoppe.
  2708 | D:3      | Reached XP level 4. HP: 40/40 MP: 4/4
  2963 | D:3      | Found an iron altar of Okawaru.
  3508 | D:4      | Noticed a +0 spear
  3508 | D:4      | Noticed a +0 dagger
  3508 | D:4      | Noticed a +0 falchion
  3509 | D:4      | Noticed a +0 dagger
  3509 | D:4      | Noticed a +0 falchion
  3510 | D:4      | Noticed a +0 short sword
  3513 | D:4      | Noticed a +0 short sword
  3514 | D:4      | Noticed a +0 spear
  3516 | D:4      | Found a hide-covered altar of Uskayaw.
  3541 | D:4      | Reached skill level 5 in Axes
  3630 | D:4      | Identified the -5 pair of boots of the Sun {Slay+3}
  3634 | D:4      | Found a broken altar of Ashenzari.
  3641 | D:4      | Found a large runed translucent door.
  3641 | D:4      | Found a large runed translucent door.
  3651 | D:4      | Noticed Sanktem7's ghost (amateur SpEn)
  3679 | D:4      | Found a burning altar of Makhleb.
  3752 | D:4      | Found a shimmering altar of Xom.
  3828 | D:4      | Reached XP level 5. HP: 40/47 MP: 5/5
  3910 | D:4      | Found a snail-covered altar of Cheibriados.
  3987 | D:4      | Found an ancient bone altar of Kikubaaqudgha.
  4017 | D:4      | Reached XP level 6. HP: 45/55 MP: 6/6
  4152 | D:4      | Reached skill level 5 in Fighting
  4928 | D:5      | Entered Level 5 of the Dungeon
  4945 | D:5      | Reached skill level 6 in Axes
  4961 | D:5      | Noticed a small abomination
  5047 | D:5      | Found a one-way gate to the infinite horrors of the Abyss.
  5079 | D:5      | Reached XP level 7. HP: 35/61 MP: 4/7
  5301 | D:5      | Found a transporter.
  5381 | D:5      | Became a worshipper of Beogh the Brigand
  5381 | D:5      | Reached * piety under Beogh
  5381 | D:5      | Reached ** piety under Beogh
  5468 | D:5      | Found a transporter.
  5469 | D:5      | Noticed cbfl8's ghost (weakling HODe)
  6660 | D:6      | Reached skill level 1 in Invocations
  6846 | D:6      | Reached skill level 1 in Shields
  6999 | D:6      | Found a radiant altar of Vehumet.
  7412 | D:6      | Reached XP level 8. HP: 65/70 MP: 7/9
  7431 | D:6      | Found a glowing silver altar of Zin.
  7682 | D:6      | Found a hazy altar of Hepliaklqana.
  7899 | D:6      | Reached skill level 7 in Axes
  8905 | D:6      | Found a basalt altar of Yredelemnul.
  9398 | D:7      | HP: 3/71 [killer bee (2)]
  9398 | D:7      | Slain by an orc warrior

Illustrated notes

Levels and vault maps discovered:
D:1:      giann_forest_graveyard, layout_basic, ebering_ecumenical_altar_box
D:2:      layout_basic, serial_shops, nicolae_shop_stone, shop, shop, shop,
          basic_altar, chequers_serial_rivers_room_b
D:3:      layout_basic, mainiacjoe_overflow_alcove_2
D:4:      layout_cave_pools, grunt_temple_overflow_open,
          mainiacjoe_overflow_paths, lemuel_doored_altar,
          mainiacjoe_overflow_alcove_1, nicolae_uskayaw_en_pointe,
          serial_column_ruins, column_ruins_grid_1, column_ruins_grid_1,
          column_ruins_grid_1, column_ruins_columns_straight,
          column_ruins_open_tiny, ebering_ghost_disaster_area, minmay_unequal
D:5:      layout_loops_corners, gammafunk_ghost_abyssal_escape
D:6:      minmay_flawed_box, layout_layer_cave,
          mainiacjoe_overflow_cross_hatched, mainiacjoe_overflow_24_doors,
          yredelemnul_forgotten_temple_becter, lemuel_tele_altar,
          chequers_serial_rivers_small_b, eino_small_chamber_without_monster,
          st_stairs_3
D:7:      layout_basic, nicolae_overflow_hidden_temple,
          minmay_temple_entry_stoned_glass, serial_shops,
          nicolae_lakefront_shop, shop, kennysheep_little_box, shop,
          uniq_menkaure

Skill      XL: |  1  2  3  4  5  6  7  8 |
---------------+-------------------------+-----
Fighting       | 4 5 6 |  6.7
Stealth        | 2 3 4 |  4.4
Dodging        | 3 4 |  4.6
Axes           | 5 6 7 |  7.4
Invocations    | 2 3 |  3.4
Shields        | 1 2 |  2.6

Action                   |  1- 3 |  4- 6 |  7- 9 || total
-------------------------+-------+-------+-------++-------
Melee: Hand axe          |   111 |   181 |    93 ||   385
       Punch             |     2 |       |       ||     2
       War axe           |       |       |   148 ||   148
Throw: Stone             |    20 |     6 |    18 ||    44
Invok: Convert to Beogh  |       |       |     1 ||     1
Evoke: Wand              |       |       |     1 ||     1
  Use: Scroll            |     3 |     5 |     5 ||    13
       Potion            |       |       |     4 ||     4
 Stab: Sleeping          |     1 |       |       ||     1
Armor: Robe              |    30 |       |       ||    30
       Ring mail         |     5 |     6 |       ||    11
       Chain mail        |       |   114 |   259 ||   373
Dodge: Dodged            |    84 |    72 |    75 ||   231
Block: Kite shield       |       |    52 |   112 ||   164
